 Dungeon Crawl Stone Soup version 0.30.0-18-gc0e69614cb (webtiles) character file.

Game seed: 8031922821171583993

2832 Edyrem the Covered (level 9, 0/58 HPs)
             Began as a Gargoyle Fighter on May 23, 2023.
             Was an Initiate of the Shining One.
             Slain by a sky beast (4 damage)
             ... on level 7 of the Dungeon.
             The game lasted 00:12:50 (5157 turns).

Edyrem the Covered (Gargoyle Fighter)               Turns: 5157, Time: 00:12:51

Health: 0/58       AC: 17    Str: 29    XL:     9   Next: 73%
Magic:  9/9        EV: 12    Int: 10    God:    the Shining One [......]
Gold:   300        SH:  4    Dex:  9    Spells: 8/8 levels left

rFire   . . .        b - +0 war axe
rCold   . . .        B - +0 buckler
rNeg    + + .        n - +2 ring mail {rN+}
rPois   ∞            (no helmet)
rElec   +            q - +0 cloak
rCorr   .            f - +0 pair of gloves
SInv    .            (no boots)
Will    .....        (no amulet) Stlth
                     s - +6 ring of strength
HPRegen 0.29/turn    (no ring)
MPRegen 0.11/turn

%: no passive effects
@: glowing
A: sickness immunity, AC +6, negative energy resistance 1, electricity
resistance, torment resistance 1, petrification resistance
a: Renounce Religion


You were on level 7 of the Dungeon.
You worshipped the Shining One.
The Shining One was noncommittal.
You visited 2 branches of the dungeon, and saw 8 of its levels.

You collected 300 gold pieces.

Inventory:

Hand Weapons
 a - a +2 hammer of protection
 b - a +0 war axe (weapon)
 c - a +2 whip of freezing
 y - a +1 dire flail of holy wrath
Missiles
 g - 4 javelins
 l - 12 boomerangs (quivered)
 v - 3 poisoned darts
Armour
 d - a +2 robe of willpower
 f - a +0 pair of gloves (worn)
 n - a +2 ring mail of positive energy (worn)
 q - a +0 cloak (worn)
 B - a +0 buckler (worn)
Jewellery
 s - a +6 ring of strength (left hand)
Wands
 h - a wand of mindburst (17)
 t - a wand of paralysis (8)
Scrolls
 i - a scroll of amnesia {unknown}
 k - 5 scrolls of identify {unknown}
 o - 3 scrolls of enchant weapon {unknown}
 p - a scroll of brand weapon {unknown}
 u - a scroll of teleportation {unknown}
 w - 3 scrolls of noise {unknown}
 x - a scroll of poison {unknown}
 D - a scroll of fog {unknown}
Potions
 e - 2 potions of flight
 j - a potion of magic {unknown}
 m - 2 potions of lignification {unknown}
 r - 2 potions of berserk rage {unknown}
 z - a potion of heal wounds {@q1}
 A - a potion of ambrosia {unknown}
 C - a potion of invisibility {unknown}


   Skills:
 + Level 7.7 Fighting
 + Level 6.6 Maces & Flails
 + Level 7.7 Armour
 * Level 5.0 Dodging
 - Level 5.0 Shields


You had 8 spell levels left.
You didn't know any spells.
Your spell library contained the following spells:

 Spells                   Type           Power      Damage    Failure   Level
 Shock                    Conj/Air       0%         1d3       52%         1
 Swiftness                Air            0%         N/A       87%         3
 Airstrike                Air            0%         2d(0-16)  99%         4


Dungeon Overview and Level Annotations

Branches:
Dungeon (7/15)             Temple (1/1) D:6

Altars:
Ashenzari
Cheibriados
Dithmenos
Elyvilon
Gozag
Makhleb
Nemelex Xobeh
Okawaru
Qazlal
Trog
Uskayaw
Vehumet
Xom
Yredelemnul
Zin
The Shining One

Shops:
D:1 :![   D:2 (   D:6 :

Annotations:
D:6 3 runed translucent doors, Persephone's ghost, novice DECj


Innate Abilities, Weirdness & Mutations

You are immune to sickness and miasma.
Your stone body is resilient. (AC +6)
You are immune to poison.
You resist negative energy. (rN+)
You are resistant to electric shocks. (rElec)
You are resistant to unholy torment.
You are immune to petrification.


Message History

Your Dodging skill increases to level 5!
Okay, then.
You barely miss the wight.
The wight is lightly damaged.
You closely miss the sky beast. The wight hits you with a +0 battleaxe!
* * * LOW HITPOINT WARNING * * *
The sky beast flickers out of sight!
Deactivating autopickup; reactivate with Ctrl-A.
Something hits you but does no damage. The wight hits you but does no damage.
You closely miss the wight.
The wight is lightly damaged.
You hit something. You barely miss the kobold. The wight barely misses you.
A sky beast appears from thin air!
Reactivating autopickup.
You block the sky beast's attack. The wight closely misses you.
The kobold hits you but does no damage. The wight hits you but does no damage.
The wight barely misses you. The kobold hits you but does no damage.
The sky beast hits you.
* * * LOW HITPOINT WARNING * * *
The sky beast shocks you. You resist.
* * * LOW HITPOINT WARNING * * *
You barely miss the wight.
The wight is lightly damaged.
You barely miss the sky beast. You barely miss the kobold.
The wight hits you from afar with a +0 trident.
* * * LOW HITPOINT WARNING * * *
The kobold hits you but does no damage. The wight barely misses you.
The sky beast hits you but does no damage.
You hit the wight.
The wight is moderately damaged.
You hit the sky beast. You hit the kobold but do no damage.
The wight misses you.
The sky beast hits you but does no damage.
The wight hits you but does no damage. The kobold hits you but does no damage.
You closely miss the wight.
The wight is moderately damaged.
You closely miss the sky beast. You hit the kobold.
You kill the kobold!
The sky beast hits you.
You die...

.#.. ...
... ..# .
#.# ...
#.# #....
#Y#z..._.
#@z......
#)).#._..
..#.# .
.#.#.#
..#.# .
.. #.# ##
#.. #..
#. ###


You could see a sky beast and 2 wights.

Vanquished Creatures
  Pikel (D:6)
  Sigmund (D:2)
  5 yaks (D:6)
  Edmund (D:5)
  2 black bears
  An ice beast (D:6)
  2 ogres
  A centaur (D:6)
  2 kobold brigands (D:7)
  2 wights (D:7)
  3 hounds
  A jelly (D:4)
  3 orc priests (D:5)
  Crazy Yiuf (D:2)
  A sleepcap (D:4)
  Jessica (D:2)
  5 iguanas
  An orc wizard (D:5)
  7 adders
  2 white imps
  4 worms
  2 dart slugs (D:2)
  4 orcs
  6 ball pythons
  2 bats (D:1)
  8 endoplasms
  A giant cockroach (D:1)
  5 goblins
  9 hobgoblins
  2 jackals (D:1)
  15 kobolds
  A quokka (D:1)
  5 frilled lizards (D:1)
  7 rats
114 creatures vanquished.

Notes
Turn   | Place    | Note
-------+----------+-------------------------------------------
     0 | D:1      | Edyrem the Gargoyle Fighter began the quest for the Orb.
     0 | D:1      | Reached XP level 1. HP: 14/14 MP: 1/1
     8 | D:1      | Found Jiobre's Book Shop.
   164 | D:1      | Reached XP level 2. HP: 17/19 MP: 2/2
   166 | D:1      | Found Doryong's Distillery.
   302 | D:1      | Found Edas's Armour Shop.
   395 | D:1      | Reached XP level 3. HP: 21/23 MP: 3/3
   862 | D:2      | Found a faded altar of an unknown god.
   863 | D:2      | Noticed Sigmund
   902 | D:2      | Killed Sigmund
   903 | D:2      | Reached XP level 4. HP: 11/30 MP: 4/4
   903 | D:2      | Reached XP level 5. HP: 12/34 MP: 5/5
  1109 | D:2      | Found a transporter.
  1109 | D:2      | Found Xicac's Weapon Boutique.
  1192 | D:2      | Found a transporter.
  1192 | D:2      | Noticed Jessica
  1207 | D:2      | Killed Jessica
  1208 | D:2      | Reached XP level 6. HP: 39/39 MP: 6/6
  1345 | D:2      | Found a runed translucent door.
  1346 | D:2      | Noticed Crazy Yiuf
  1361 | D:2      | Killed Crazy Yiuf
  2139 | D:4      | Noticed a black bear
  2146 | D:4      | Reached skill level 5 in Armour
  2382 | D:4      | Reached skill level 5 in Fighting
  2420 | D:4      | Reached skill level 5 in Shields
  2524 | D:4      | Killed a black bear
  2525 | D:4      | Reached XP level 7. HP: 44/44 MP: 7/7
  2828 | D:5      | Entered Level 5 of the Dungeon
  3212 | D:5      | Reached XP level 8. HP: 43/51 MP: 8/8
  3398 | D:5      | Noticed Edmund
  3404 | D:5      | Reached skill level 5 in Maces & Flails
  3415 | D:5      | Reached skill level 1 in Dodging
  3432 | D:5      | Killed Edmund
  3900 | D:6      | Found Unoapoics's Book Shop.
  3900 | D:6      | Noticed a walking frostbound tome
  3900 | D:6      | Noticed Pikel
  3901 | D:6      | Noticed a walking earthen tome
  3938 | D:6      | Killed Pikel
  4051 | D:6      | Reached XP level 9. HP: 48/56 MP: 9/9
  4079 | D:6      | Found a runed translucent gate.
  4080 | D:6      | Found a runed translucent gate.
  4081 | D:6      | Found a runed translucent gate.
  4082 | D:6      | Noticed Persephone's ghost (novice DECj)
  4082 | D:6      | Noticed a spectral unseen horror
  4693 | D:6      | Found a staircase to the Ecumenical Temple.
  4699 | Temple   | Entered the Ecumenical Temple
  4921 | Temple   | Became a worshipper of the Shining One
  5135 | D:7      | Found a burning altar of Makhleb.
  5135 | D:7      | Found a hide-covered altar of Uskayaw.
  5153 | D:7      | Reached skill level 5 in Dodging
  5157 | D:7      | Slain by a sky beast

Illustrated notes

Levels and vault maps discovered:
D:1:      dpeg_arrival_rooms_with_view, layout_loops_ring, serial_forest,
          infiniplex_forest_clump_long, infiniplex_forest_corner_2,
          infiniplex_forest_clump_double, infiniplex_forest_fountain,
          infiniplex_forest_clump_medium, infiniplex_forest_lined_room_2,
          infiniplex_forest_clump_tiny, infiniplex_forest_clump_C, serial_shops,
          shop, nicolae_shop_pleasant_corner_grove, shop, minmay_surrounded
D:2:      layout_rooms, dreamdust_ecumenical_altar_hidden_monk_grotto,
          serial_shops, nicolae_shop_drivethru, uniq_jessica,
          uniq_crazy_yiuf_cottage, uniq_sigmund
D:3:      layout_loops_ring
D:4:      layout_loops_ring
D:5:      layout_basic, uniq_edmund
D:6:      layout_gridville, minmay_temple_entry_statues_pillars, serial_shops,
          nicolae_shop_mannequins, gammafunk_ghost_necromancy,
          patterned_corridor, uniq_pikel
D:7:      layout_basic, grunt_temple_overflow_open, uniq_joseph
Temple:   dpeg_chambers_temple

Skill      XL: |  1  2  3  4  5  6  7  8  9 |
---------------+----------------------------+-----
Fighting       | 4 5 6 7 |  7.7
Maces & Flails | 3 4 5 6 |  6.6
Armour         | 4 5 6 7 |  7.7
Shields        | 4 5 |  5.0
Dodging        | 3 5 |  5.0

Action                     |  1- 3 |  4- 6 |  7- 9 || total
---------------------------+-------+-------+-------++-------
  Melee: Flail             |    40 |    17 |       ||    57
         War axe           |    94 |       |    21 ||   115
         Mace              |       |    75 |   263 ||   338
    Use: Potion            |     1 |     2 |     1 ||     4
 Armour: Scale mail        |    54 |       |       ||    54
         Ring mail         |    16 |    37 |   173 ||   226
  Dodge: Dodged            |    56 |    41 |   163 ||   260
  Block: Buckler           |    20 |    15 |    58 ||    93
